 Dungeon Crawl Stone Soup version 0.17.1-3-g152610e (webtiles) character file.

1563 kaze the Ducker (level 8, -2/80 HPs)
             Began as a Troll Berserker on Feb 17, 2016.
             Was an Elder of Trog.
             Slain by a killer bee (10 damage)
             ... on level 7 of the Dungeon.
             The game lasted 00:28:16 (6075 turns).

kaze the Ducker (Troll Berserker)                   Turns: 6075, Time: 00:28:17

Health: -2/80      AC:  6    Str: 25 (28) XL:     8   Next: 58%
Magic:  7/7        EV: 12    Int:  3      God:    Trog [****..]
Gold:   245        SH:  0    Dex:  9      Spells: 0 memorised, 7 levels left

rFire  + . .     SeeInvis .     m - +5 quarterstaff (chaos)
rCold  . . .     Clarity  .     a - +0 animal skin
rNeg   . . .     SustAt   .     (shield currently unavailable)
rPois  .         Gourm    +     (helmet restricted)
rElec  .         Spirit   .     n - +0 cloak
rCorr  .         Warding  .     (gloves unavailable)
rMut   .         Stasis   +     (boots unavailable)
MR     +....                    z - amulet of stasis
Stlth  +.........               A - ring of protection from fire
                                k - ring of protection from magic

@: lethally poisoned (-2 -> -13), somewhat resistant to hostile enchantments,
very unstealthy
A: unfitting armour, claws 3, fast metabolism 3, gourmand, regeneration 2,
shaggy fur 1, tough skin 2, evolution 2
a: Berserk, Trog's Hand, Brothers in Arms, Burn Spellbooks, Renounce Religion


You were on level 7 of the Dungeon.
You worshipped Trog.
Trog was greatly pleased with you.
You were not hungry.

You visited 1 branch of the dungeon, and saw 7 of its levels.

You collected 245 gold pieces.

Inventory:

Hand Weapons
 m - a +5 quarterstaff of chaos (weapon)
 q - a +0 battleaxe
Missiles
 y - 6 large rocks (quivered)
Armour
 a - a +0 animal skin (worn)
 n - a +0 cloak (worn)
Magical Staves
 c - an uncursed staff of power
 f - an uncursed staff of summoning
Jewellery
 k - a ring of protection from magic (left claw)
 o - an uncursed amulet of resist mutation
 z - an amulet of stasis (around neck)
 A - a ring of protection from fire (right claw)
Wands
 u - a wand of paralysis (11)
Scrolls
 g - 2 scrolls of remove curse
 j - a scroll of enchant armour {unknown}
 l - a scroll of fear {unknown}
 p - 3 scrolls of blinking {unknown}
 r - 2 scrolls of teleportation
 s - 2 scrolls of magic mapping
 v - a scroll of recharging {unknown}
 w - a scroll of immolation {unknown}
 B - 3 scrolls of identify
Potions
 e - 2 potions of heal wounds
 i - a potion of ambrosia
 t - 3 potions of agility
Comestibles
 b - 6 bread rations
 d - 2 meat rations
 h - 2 fruits


   Skills:
 + Level 5.0 Fighting
   Level 0.1(2.3) Maces & Flails
 + Level 3.4 Staves
 + Level 6.9 Dodging
 + Level 4.1 Unarmed Combat


You had 7 spell levels left.
You didn't know any spells.

Dungeon Overview and Level Annotations

Branches:
Dungeon (7/15)             Temple (0/1) D:7

Altars:
Fedhas
Makhleb
Nemelex Xobeh
Qazlal
Sif Muna
Trog
Xom


Innate Abilities, Weirdness & Mutations

You are too large for most types of armour.
You have claws for hands.
Your metabolism is lightning-fast.
You like to eat raw meat.
You heal very quickly.
You are covered in fur (AC +1).
You have very tough skin (AC +2).
You rapidly evolve.


Message History

The killer bee closely misses you. The killer bee completely misses you.
The killer bee stings you.
You are more poisoned.
The killer bee poisons you!
Quiver which item? (- for none, * to show all) (? for menu, Esc to quit)
Okay, then.
You feel very sick. The killer bee barely misses you.
You see here 29 stones.
You feel very sick.
The killer bee stings you but does no damage.
You feel sick. The killer bee stings you!
* * * LOW HITPOINT WARNING * * *
You feel very sick. The killer bee barely misses you.
You feel sick. The killer bee barely misses you. The killer bee stings you!
* * * LOW HITPOINT WARNING * * *
* * * LOW HITPOINT WARNING * * *
You feel sick. The killer bee stings you!
You die...

.#..#.##.#####
.............#####
.>......Yy........#
.......##.###.###.##
#.##.#.##.# #.# #..#
#.##.#.##y###.####.#
####.##.#.?Y...........
#######..[...y...............
#...(.......@yy..............
##.####....)#####..#.########
#.#..........# ...#.# #
#.#.##.......#.#..#.# # #.#
#............#.# # #.#
###....####..# #.#
#..........# #.# #....##.#..#
#.# ........##.#..#


You could see an ice beast and 4 killer bees.

Vanquished Creatures
  A wyvern (D:5)
  2 ice beasts
  A sky beast (D:7)
  An orc warrior (D:7)
  A centaur (D:6)
  A giant frog (D:6)
  A scorpion (D:4)
  5 hounds
  A crimson imp (D:5)
  Crazy Yiuf (D:2)
  Ijyb (D:4)
  2 giant frog skeletons
  2 orc wizards
  Jessica (D:3)
  5 iguanas
  2 worker ants (D:4)
  A hound zombie (D:5)
  2 hound skeletons (D:5)
  Robin (D:3)
  3 gnolls (D:2)
  7 adders
  2 shadow imps
  A worker ant zombie (D:5)
  2 adder skeletons (D:4)
  4 worms
  6 giant geckos
  16 orcs
  5 giant cockroaches
  23 goblins
  12 hobgoblins
  3 bats
  A giant gecko skeleton (D:5)
  5 giant newts
  13 jackals
  7 kobolds
  5 quokkas
  3 rats
  2 fungi (D:2)
152 creatures vanquished.

Notes
Turn   | Place    | Note
--------------------------------------------------------------
     0 | D:1      | kaze the Troll Berserker began the quest for the Orb.
     0 | D:1      | Reached XP level 1. HP: 22/22 MP: 0/0
   152 | D:1      | Reached XP level 2. HP: 29/29 MP: 1/1
   565 | D:2      | Reached XP level 3. HP: 29/36 MP: 2/2
   569 | D:2      | Found a deep blue altar of Sif Muna.
   866 | D:2      | Found a blossoming altar of Fedhas.
  1015 | D:2      | Reached ** piety under Trog
  1382 | D:2      | Reached XP level 4. HP: 45/45 MP: 3/3
  1437 | D:2      | Found a stormy altar of Qazlal.
  1614 | D:2      | Noticed Crazy Yiuf
  1622 | D:2      | Killed Crazy Yiuf
  1622 | D:2      | Reached skill level 4 in Unarmed Combat
  1701 | D:3      | Reached XP level 5. HP: 48/53 MP: 4/4
  1926 | D:3      | Noticed Robin
  1939 | D:3      | Killed Robin
  1942 | D:3      | Reached *** piety under Trog
  2113 | D:3      | Noticed Jessica
  2126 | D:3      | Killed Jessica
  2283 | D:4      | Reached skill level 1 in Staves
  2283 | D:4      | Reached XP level 6. HP: 60/62 MP: 5/5
  2481 | D:4      | Found a sparkling altar of Nemelex Xobeh.
  2840 | D:5      | Entered Level 5 of the Dungeon
  3020 | D:4      | Reached **** piety under Trog
  3024 | D:4      | Received a gift from Trog
  3050 | D:4      | Noticed Ijyb
  3099 | D:4      | Killed Ijyb
  3151 | D:5      | Reached XP level 7. HP: 70/70 MP: 6/6
  3616 | D:5      | Reached skill level 5 in Dodging
  3918 | D:5      | Noticed a wyvern
  3927 | D:5      | Killed a wyvern
  4431 | D:6      | Reached XP level 8. HP: 76/79 MP: 7/7
  4610 | D:6      | Found a shimmering altar of Xom.
  4611 | D:6      | Found a shimmering altar of Xom.
  4612 | D:6      | Found a shimmering altar of Xom.
  4614 | D:6      | Found a shimmering altar of Xom.
  4615 | D:6      | Found a shimmering altar of Xom.
  4763 | D:6      | Reached skill level 6 in Dodging
  5171 | D:7      | Found a burning altar of Makhleb.
  5410 | D:7      | Found a staircase to the Ecumenical Temple.
  5821 | D:7      | Found a bloodstained altar of Trog.
  5839 | D:7      | Reached skill level 5 in Fighting
  5844 | D:7      | Gained mutation: You evolve. [mutagenic meat]
  5855 | D:7      | Gained mutation: You rapidly evolve. [mutagenic meat]
  6075 | D:7      | Slain by a killer bee

Action                   |  1- 3 |  4- 6 |  7- 9 || total
-------------------------+-------+-------+-------++-------
Melee: Unarmed           |    78 |    14 |       ||    92
       Flail             |       |    25 |       ||    25
       Quarterstaff      |       |   152 |   159 ||   311
Invok: Berserk           |     1 |     2 |     2 ||     5
       Burn Spellbooks   |       |     2 |       ||     2
  Use: Scroll            |       |     9 |     1 ||    10
       Potion            |       |     1 |     8 ||     9
 Stab: Paralysed         |       |     1 |       ||     1
  Eat: Chunk             |    16 |    20 |    16 ||    52
       Beef jerky        |       |       |     3 ||     3
       Bread ration      |       |       |     1 ||     1
       Royal jelly       |       |       |     1 ||     1
       Pizza             |       |       |     1 ||     1
